 Dungeon Crawl Stone Soup version 0.30-a0-1075-gcd70e7a56d (webtiles) character file.

Game seed: 17741200884942743117

14871 kae the Severer (level 12, -3/97 HPs)
             Began as a Hill Orc Fighter on Apr 14, 2023.
             Was an Elder of Qazlal.
             Slain by a naga simulacrum (8 damage)
             ... on level 1 of the Lair of Beasts.
             The game lasted 00:09:36 (12179 turns).

kae the Severer (Hill Orc Fighter)                 Turns: 12179, Time: 00:09:36

Health: -3/97      AC: 19    Str: 27    XL:     12   Next: 21%
Magic:  21/21      EV: 10    Int:  8    God:    Qazlal [****..]
Gold:   862        SH: 12    Dex: 10    Spells: 11/11 levels left

rFire   . . .      SeeInvis .    a - +0 war axe
rCold   . . .      Faith    .    c - +3 buckler
rNeg    . . .      Spirit   .    L - +6 ring mail of the Harvest {Str+3}
rPois   .          Reflect  .    (no helmet)
rElec   .          Rampage  .    p - +0 cloak
rCorr   .                        (no gloves)
Will    .....                    E - +2 pair of boots Stlth
                                 g - amulet of regeneration
HPRegen 1.16/turn                (no ring)
MPRegen 0.17/turn                (no ring)

@: about to teleport, marked, repel missiles
A: no striking features
a: Renounce Religion, Upheaval, Elemental Force


You were on level 1 of the Lair of Beasts.
You worshipped Qazlal.
Qazlal was greatly pleased with you.
You visited 2 branches of the dungeon, and saw 12 of its levels.
You also visited: Ossuary.

You collected 882 gold pieces.
You spent 20 gold pieces at shops.


   Skills:
 + Level 6.4 Fighting
 + Level 16.9 Axes
 - Level 15.4 Armour
 - Level 3.2 Shields
 - Level 12.3 Invocations


You had 11 spell levels left.
You didn't know any spells.
Your spell library contained the following spells:

 Spells                   Type           Power      Damage    Failure   Level
 Apportation              Tloc           0%         N/A       58%         1
 Necrotise                Necr           0%         1d4       58%         1
 Summon Small Mammal      Summ           0%         N/A       58%         1
 Ensorcelled Hibernation  Hex/Ice        0%         N/A       75%         2
 Call Canine Familiar     Summ           0%         N/A       92%         3
 Portal Projectile        Hex/Tloc       0%         N/A       92%         3
 Spider Form              Tmut/Pois      0%         N/A       92%         3
 Anguish                  Hex/Necr       0%         N/A       100%        4
 Leda's Liquefaction      Hex/Erth       0%         N/A       100%        4

Inventory:

Hand Weapons
 a - a +0 war axe (weapon)
 F - a +1 battleaxe of flaming
   (You took it off a wight on level 8 of the Dungeon)
Missiles
 e - 143 stones (quivered)
 h - 4 javelins
 m - 14 poisoned darts
 w - 7 boomerangs
 Q - 5 curare-tipped darts {=f}
Armour
 b - a +0 scale mail
 c - a +3 buckler (worn)
 p - a +0 cloak (worn)
   (You took it off Crazy Yiuf on level 5 of the Dungeon)
 E - a +2 pair of boots (worn)
   (You found it on level 5 of the Dungeon)
 L - the +6 ring mail of the Harvest (worn) {Str+3}
   (You found it on level 6 of the Dungeon)

   Str:       It affects your strength (+3).
Magical Staves
 j - a staff of poison {!a}
   (You found it on level 1 of the Dungeon)
 M - a staff of fire {!a}
   (You found it on level 8 of the Dungeon)
Jewellery
 g - an amulet of regeneration (around neck)
   (You found it on level 7 of the Dungeon)
Wands
 v - a wand of roots (6)
   (You took it off Ijyb on level 3 of the Dungeon)
 y - a wand of acid (6)
   (You found it on level 7 of the Dungeon)
 G - a wand of paralysis (15)
   (You found it on level 6 of the Dungeon)
 I - a wand of flame (30)
   (You found it on level 6 of the Dungeon)
 J - a wand of mindburst (8)
   (You found it on level 9 of the Dungeon)
Scrolls
 d - 3 scrolls of teleportation {@r4}
 l - 2 scrolls of vulnerability {!r!r}
 t - 2 scrolls of immolation {!r!r}
 u - 3 scrolls of blinking {!r}
 H - 2 scrolls of silence {!r}
 N - a scroll of magic mapping {!r}
Potions
 f - 5 potions of haste {@q3}
 i - 11 potions of curing {@q1}
 k - 6 potions of cancellation
 n - 3 potions of degeneration {!q}
 o - 4 potions of mutation {!q}
 q - 2 potions of heal wounds {@q2}
 r - a potion of invisibility
 s - a potion of berserk rage {!q}
 x - 2 potions of ambrosia
 z - 3 potions of lignification {!q}
 A - 3 potions of attraction {!q}
 B - a potion of flight
 C - 2 potions of magic
 D - a potion of might
 K - 10 potions of brilliance

Dungeon Overview and Level Annotations

Branches:
Dungeon (11/15) Zot: 26322  Temple (0/1) D:7            Lair (1/5) D:11 Zot: 5103
    Orc (0/2) D:9         Ossuary (visited)

Altars:
Ashenzari
Cheibriados
Dithmenos
Elyvilon
Fedhas
Hepliaklqana
Makhleb
Qazlal
Ru
Trog
Wu Jian
Xom
Zin
The Shining One

Shops:
D:2 [   D:4 *   D:9 (

Annotations:
D:3 2 transporters, hackum's ghost, amateur OpGl

.............##..#
.................#~~≈~#
...................Z~≈##
.................h.~~≈≈
#................D.#~~
##..................#
##...........☼.ZZ.#
###...##.....YhZ.##
##....##...5@☼..#
##...###..§.°..#
##...###..°.○##
#P....###...#
##.....####..##
#.......####..# ##
#........###### .#
#...........# ##
###.......#.#


You could see an ice dragon, a polar bear, a yak, a wolf, a white imp, an
anaconda simulacrum, a wolf simulacrum and 2 naga simulacra.


Message History

You slash the death yak! You closely miss the bullfrog.
You completely miss the wolf. You block the bullfrog's attack.
The death yak gores you!
A rime drake comes into view.
The wolf bites you but does no damage.
The bullfrog swells and bulges.
The bullfrog hits you but does no damage. 😕 HP[-6]
You take 6 damage, and now have 82/94 hp.
You barely miss the death yak. You closely miss the wolf.
You hit the bullfrog but do no damage.
An anaconda simulacrum comes into view.
You block the wolf's attack.
The death yak gores you but does no damage.
You block the bullfrog's attack.
You slice the death yak!! You closely miss the wolf. You slash the bullfrog!
The wolf barely misses you.
The rime drake is engulfed in blazing flames.
The bullfrog hits you. 😕 HP[-1]
You take 1 damage, and now have 81/94 hp.
Unknown command.
You hit the death yak but do no damage. You hit the wolf. You hit the bullfrog.
The wolf bites you but does no damage. You block the death yak's attack.
A white imp comes into view.
You block the bullfrog's attack. The wolf bites you but does no damage.
A wolf comes into view.
You hit the death yak. You slash the wolf! You barely miss the bullfrog.
The bullfrog closely misses you. The death yak gores you.
The wolf bites you but does no damage.
The rime drake is engulfed in a thunderstorm.
You kill the rime drake!
Qazlal accepts your kill.
A naga simulacrum comes into view. 😕 HP[-2]
You now have 95 max hp (+1).
You take 2 damage, and now have 79/95 hp.
You hit the death yak. You hit the wolf. You hit the bullfrog.
The wolf is engulfed in freezing vapours.
You kill the wolf!
Qazlal accepts your kill. The bullfrog closely misses you.
An ice dragon comes into view.
The death yak gores you!
A wolf simulacrum comes into view.
You hit the death yak but do no damage. You slash the bullfrog!
You kill the bullfrog!
Qazlal accepts your kill. The anaconda simulacrum grabs you.
The anaconda simulacrum bites you. The anaconda simulacrum freezes you!!
* * * LOW HITPOINT WARNING * * *
The anaconda simulacrum constricts you. The death yak gores you!
* * * LOW HITPOINT WARNING * * *
A polar bear comes into view. 😨 HP[-45]
You take 45 damage, and now have 34/95 hp.
MASSIVE DAMAGE!! (PAUSE)
Okay, then.
You barely miss the death yak.
You barely miss the anaconda simulacrum.
You hit the yak but do no damage.
The rime drake is engulfed in a thunderstorm.
The anaconda simulacrum loses its grip on you.
Unknown command.
You hit the death yak but do no damage. You hit the yak.
You closely miss the rime drake. The yak gores you but does no damage.
You block the death yak's attack. 😨 HP[+1] Unknown command.
You hit the death yak. You slash the yak!
You hit the rime drake but do no damage.
The rime drake is engulfed in freezing vapours.
You kill the rime drake!
Qazlal accepts your kill. The yak gores you but does no damage.
The death yak gores you but does no damage.
Your Fighting skill increases to level 6! 😨 HP[+1]
You now have 96 max hp (+1).
Unknown command.
You slash the death yak!
You kill the death yak!
Qazlal accepts your kill.
You hit the yak. The yak gores you.
* * * LOW HITPOINT WARNING * * *
😨 HP[-3]
You now have 97 max hp (+1).
You take 3 damage, and now have 33/97 hp.
Unknown command.
As you read the scroll of teleportation {@r4}, it crumbles to dust.
You feel strangely unstable.
You block the anaconda simulacrum's attack.
The anaconda simulacrum bites you.
* * * LOW HITPOINT WARNING * * *
The anaconda simulacrum freezes you!
* * * LOW HITPOINT WARNING * * *
The yak barely misses you. The naga simulacrum hits you!
* * * LOW HITPOINT WARNING * * *
The naga simulacrum freezes you!
You die...

Skill      XL: |  1  2  3  4  5  6  7  8  9 10 11 12 |
---------------+-------------------------------------+-----
Axes           | 3 4 5 8 10 11 12 13 15 16 | 16.9
Invocations    | 5 7 10 12 | 12.3
Armour         | 7 10 12 15 | 15.4
Fighting       | 4 6 |  6.4
Shields        | |  3.2

Action                     |  1- 3 |  4- 6 |  7- 9 | 10-12 || total
---------------------------+-------+-------+-------+-------++-------
  Melee: War axe           |   115 |    97 |   381 |   513 ||  1106
 Invoke: Upheaval          |       |       |       |     6 ||     6
  Evoke: Wand              |       |       |     1 |       ||     1
    Use: Scroll            |     2 |     4 |    13 |    12 ||    31
         Potion            |       |     1 |     1 |     1 ||     3
 Armour: Scale mail        |    67 |    35 |   108 |    16 ||   226
         Ring mail         |       |       |       |   161 ||   161
  Dodge: Dodged            |    58 |    33 |    91 |   152 ||   334
  Block: Buckler           |    22 |    27 |   147 |   236 ||   432

Levels and vault maps discovered:
D:1:      elethiomel_arrival_quiet, layout_basic,
          hellmonk_ecumenical_altar_zigzags
D:2:      layout_loops_cross, serial_shops, nicolae_diamond_shop, uniq_sigmund,
          uniq_natasha
D:3:      layout_loops_ring, gammafunk_ghost_mausoleum, uniq_robin, uniq_ijyb,
          uniq_grinder
D:4:      layout_layer_cave, minitemple, lightli_ossuary_entry_decrepit_ruins,
          nicolae_shop_clearance
D:5:      layout_basic, grunt_ministairs_15, uniq_menkaure, uniq_pikel,
          uniq_prince_ribbit1, uniq_crazy_yiuf_cottage
D:6:      layout_loops_ring, grunt_temple_overflow_order_and_chaos_2,
          mainiacjoe_overflow_boulevard
D:7:      layout_cave_pools, fedhas_altar_2, minmay_temple_entry_slanted
D:8:      layout_basic, mainiacjoe_overflow_catwalk, uniq_grum
D:9:      layout_basic, nicolae_overflow_crystal_walls, orc_0_dummy,
          serial_shops, nicolae_inconvenience_store
D:10:     layout_irregular_city
D:11:     layout_cave_pools, hellmonk_lair_entry_icy, minmay_misc_feat_x,
          nicolae_ashenzari_skybound
Lair:1:   dreamdust_isle_of_ice, layout_cave_pods, infiniplex_staircase_pool_2,
          serial_bayou_shore_b

Notes
Turn   | Place    | Note
-------+----------+-------------------------------------------
     0 | D:1      | kae the Hill Orc Fighter began the quest for the Orb.
     0 | D:1      | Reached XP level 1. HP: 19/19 MP: 1/1
     0 | D:1      | magus.rc [v1.11.3]
    30 | D:1      | Reached skill level 3 in Axes
    75 | D:1      | Reached XP level 2. HP: 25/26 MP: 2/2
   253 | D:1      | Found a faded altar of an unknown god.
   273 | D:1      | Reached skill level 4 in Axes
   423 | D:1      | Reached XP level 3. HP: 29/31 MP: 3/3
   488 | D:1      | You pick up a book of the Hunter and begin reading...
   488 | D:1      | You add the spells Call Canine Familiar, Portal Projectile
                  | and Leda's Liquefaction to your library.
   872 | D:2      | Reached skill level 5 in Axes
   960 | D:2      | HP: 7/31 [gnoll/+0 halberd (3)]
   962 | D:2      | Reached XP level 4. HP: 6/39 MP: 4/4
   972 | D:2      | HP: 8/39 [gnoll/+0 spear (1)]
  1150 | D:2      | Reached skill level 6 in Axes
  1288 | D:2      | Noticed Sigmund
  1297 | D:2      | Killed Sigmund
  1298 | D:2      | Reached skill level 8 in Axes
  1298 | D:2      | Reached XP level 5. HP: 41/45 MP: 5/5
  1298 | D:2      | Reached XP level 6. HP: 47/51 MP: 6/6
  1352 | D:2      | Noticed Natasha
  1356 | D:2      | Killed Natasha
  1641 | D:2      | Noticed Natasha
  1653 | D:2      | Killed Natasha
  1804 | D:2      | Found Kima's Armour Shop.
  1975 | D:3      | Reached skill level 9 in Axes
  2182 | D:3      | Noticed Robin
  2186 | D:3      | Noticed Grinder
  2190 | D:3      | Killed Robin
  2196 | D:3      | Killed Grinder
  2197 | D:3      | Reached skill level 10 in Axes
  2197 | D:3      | Reached XP level 7. HP: 44/57 MP: 7/7
  2527 | D:3      | Noticed Ijyb
  2538 | D:3      | Killed Ijyb
  2589 | D:3      | Found a transporter.
  2591 | D:3      | Noticed hackum's ghost (amateur OpGl)
  2593 | D:3      | Found a transporter.
  2894 | D:4      | Reached skill level 11 in Axes
  2925 | D:4      | Found a snail-covered altar of Cheibriados.
  2987 | D:4      | Found a hazy altar of Hepliaklqana.
  2993 | D:4      | Found a broken altar of Ashenzari.
  2993 | D:4      | Found a shimmering altar of Xom.
  2994 | D:4      | Found a stormy altar of Qazlal.
  2995 | D:4      | Found a glowing golden altar of the Shining One.
  2997 | D:4      | Found an ornate altar of the Wu Jian Council.
  2998 | D:4      | Found a shadowy altar of Dithmenos.
  3003 | D:4      | Became a worshipper of Qazlal Stormbringer
  3039 | D:4      | Found a sand-covered staircase.
  3048 | Ossuary  | Entered an ossuary
  3137 | Ossuary  | Reached XP level 8. HP: 56/64 MP: 8/8
  3329 | D:4      | Found Qumoadin's CLEARANCE SALE!.
  3338 | D:4      | Bought a potion of heal wounds for 20 gold pieces
  3338 | D:4      | Identified a scroll of acquirement
  3338 | D:4      | Acquired a manual of Armour
  3682 | D:4      | Reached * piety under Qazlal
  4404 | D:5      | Entered Level 5 of the Dungeon
  4414 | D:5      | Reached skill level 1 in Invocations
  4422 | D:5      | Reached skill level 4 in Armour
  4422 | D:5      | Reached skill level 2 in Invocations
  4429 | D:5      | Reached skill level 12 in Axes
  4700 | D:5      | Noticed Pikel
  4707 | D:5      | Noticed Menkaure
  4723 | D:5      | Paralysed by Pikel for 2 turns
  4741 | D:5      | Killed Pikel
  4742 | D:5      | Reached skill level 6 in Armour
  4742 | D:5      | Reached skill level 4 in Invocations
  4902 | D:5      | Noticed Prince Ribbit
  4916 | D:5      | Killed Prince Ribbit
  4917 | D:5      | Reached skill level 7 in Armour
  4917 | D:5      | Reached skill level 5 in Invocations
  4917 | D:5      | Reached XP level 9. HP: 55/70 MP: 12/12
  5055 | D:5      | HP: 17/70 [sleepcap (3)]
  5055 | D:5      | HP: 6/70 [hound (11)]
  5222 | D:5      | Killed Menkaure
  5223 | D:5      | Reached skill level 13 in Axes
  5223 | D:5      | Reached skill level 8 in Armour
  5445 | D:5      | Reached skill level 6 in Invocations
  5844 | D:5      | Found a runed translucent door.
  5845 | D:5      | Noticed Crazy Yiuf
  5852 | D:5      | Killed Crazy Yiuf
  5906 | D:6      | Found a burning altar of Makhleb.
  5955 | D:6      | Found a glowing silver altar of Zin.
  5955 | D:6      | Noticed an angel
  5955 | D:6      | Noticed a green death
  6273 | D:6      | You pick up a book of Cantrips and begin reading...
  6273 | D:6      | You add the spells Necrotise, Summon Small Mammal and
                  | Apportation to your library.
  6288 | D:6      | Identified the +6 ring mail of the Harvest {Str+3}
  6352 | D:6      | Found a sacrificial altar of Ru.
  6403 | D:6      | Reached skill level 9 in Armour
  6888 | D:7      | Reached skill level 7 in Invocations
  6996 | D:7      | Reached ** piety under Qazlal
  7160 | D:7      | Found a staircase to the Ecumenical Temple.
  7272 | D:7      | Reached skill level 10 in Armour
  7290 | D:7      | Found a blossoming altar of Fedhas.
  7461 | D:7      | Reached XP level 10. HP: 77/77 MP: 15/15
  7466 | D:7      | Reached skill level 14 in Axes
  7466 | D:7      | Reached skill level 8 in Invocations
  7867 | D:8      | Found a bloodstained altar of Trog.
  8077 | D:8      | Reached skill level 11 in Armour
  8117 | D:8      | Noticed Grum
  8141 | D:8      | Killed Grum
  8142 | D:8      | Reached skill level 9 in Invocations
  8519 | D:9      | Found a white marble altar of Elyvilon.
  8840 | D:9      | Found Faud's Weapon Boutique.
  8850 | D:9      | Reached skill level 12 in Armour
  8867 | D:9      | Reached skill level 15 in Axes
  8954 | D:9      | Paralysed by a hornet for 1 turns
  8963 | D:9      | Reached skill level 10 in Invocations
  9020 | D:9      | Found a staircase to the Orcish Mines.
  9579 | D:10     | Entered Level 10 of the Dungeon
  9602 | D:10     | Noticed a cyclops
  9620 | D:10     | Killed a cyclops
  9621 | D:10     | Reached XP level 11. HP: 66/82 MP: 18/18
  9713 | D:10     | Reached skill level 13 in Armour
  9982 | D:10     | HP: 20/82 [something/puff of flame (9)]
  9984 | D:10     | Reached *** piety under Qazlal
  9987 | D:10     | HP: 20/82 [poisoned by an orc warrior]
 10218 | D:10     | Reached skill level 11 in Invocations
 10237 | D:10     | You pick up a book of Dreams and begin reading...
 10237 | D:10     | You add the spells Ensorcelled Hibernation, Spider Form and
                  | Anguish to your library.
 10575 | D:11     | Noticed a manticore
 10589 | D:10     | HP: 19/82 [rime drake (3)]
 10593 | D:10     | Killed a manticore
 10655 | D:11     | Reached skill level 16 in Axes
 10655 | D:11     | Reached skill level 14 in Armour
 10709 | D:11     | Found a staircase to the Lair.
 10757 | D:11     | Noticed a cyclops
 10765 | D:11     | Killed a cyclops
 10794 | D:11     | Noticed a manticore
 10804 | D:11     | Killed a manticore
 10805 | D:11     | Reached skill level 12 in Invocations
 10850 | D:11     | Identified the +5 hand axe of Merilit {speed, Fly rC-
                  | Dex+4}
 10899 | D:11     | Noticed a brown ugly thing
 10920 | D:11     | Killed a brown ugly thing
 10941 | D:11     | Found a broken altar of Ashenzari.
 11265 | Lair:1   | Entered Level 1 of the Lair of Beasts
 11327 | Lair:1   | Reached skill level 15 in Armour
 11487 | Lair:1   | Reached skill level 4 in Fighting
 11789 | Lair:1   | Reached XP level 12. HP: 88/93 MP: 21/21
 11795 | Lair:1   | Reached skill level 5 in Fighting
 12097 | Lair:1   | Reached **** piety under Qazlal
 12159 | Lair:1   | Noticed a death yak
 12173 | Lair:1   | Noticed an ice dragon
 12178 | Lair:1   | Reached skill level 6 in Fighting
 12178 | Lair:1   | Killed a death yak
 12179 | Lair:1   | HP: 15/97 [anaconda simulacrum (17)]
 12179 | Lair:1   | HP: 5/97 [naga simulacrum (10)]
 12179 | Lair:1   | Slain by a naga simulacrum

Vanquished Creatures
  A death yak (Lair:1)
  Pikel (D:5)
  An ugly thing (D:11)
  2 cyclopes
  2 manticores
  A cane toad (Lair:1)
  3 rime drakes
  A komodo dragon (D:10)
  2 trolls (D:10)
  2 hornets (D:9)
  Prince Ribbit (D:5)
  3 blink frogs (Lair:1)
  Grinder (D:3)
  2 polar bears (Lair:1)
  Sigmund (D:2)
  A wraith (D:11)
  15 yaks
  Grum (D:8)
  A steam dragon (D:8)
  Menkaure (D:5)
  5 water moccasins
  4 orc warriors
  6 ice beasts
  2 black bears
  2 sky beasts
  9 wolves
  4 centaurs
  A lemure (D:5)
  6 bullfrogs
  2 gnoll sergeants
  4 scorpions
  7 wights
  6 killer bees (D:9)
  2 howler monkeys
  4 hounds
  Crazy Yiuf (D:5)
  3 jellies
  6 orc priests
  2 gnoll boudas
  3 sleepcaps
  Ijyb (D:3)
  Natasha (twice) (D:2)
  6 orc wizards
  2 iguanas
  8 mummies (Ossuary)
  Robin (D:3)
  4 adders
  19 gnolls
  A shadow imp (D:5)
  A white imp (D:5)
  An ufetubus (D:6)
  A worm (D:2)
  6 dart slugs
  31 orcs
  8 ball pythons
  6 endoplasms
  4 giant cockroaches (D:1)
  A gnoll zombie (Ossuary)
  15 goblins
  8 hobgoblins
  4 jackals (D:2)
  8 kobolds
  4 quokkas
  8 bats
  4 frilled lizards
  2 hobgoblin zombies (Ossuary)
  A kobold zombie (Ossuary)
  4 orc zombies (Ossuary)
  4 rats
287 creatures vanquished.

Vanquished Creatures (others)
  4 fungi
  2 plants (Lair:1)
6 creatures vanquished.

Grand Total: 293 creatures vanquished

Table legend:
 A = Non-vault XP
 B = Vault XP
 C = Vault XP percentage of total XP
 D = Non-vault monster count
 E = Vault monster count
 F = Vault count percentage of total count
                 A         B        C        D         E       F
            +---------+---------+-------+---------+---------+-------
      Total |   15227 |    6018 |  28.3 |     230 |      56 |  19.6
            +---------+---------+-------+---------+---------+-------
        D:1 |      66 |       0 |   0.0 |      29 |       0 |   0.0
        D:2 |     125 |     267 |  68.1 |      23 |       2 |   8.0
        D:3 |     147 |     336 |  69.6 |      22 |      13 |  37.1
        D:4 |     199 |       0 |   0.0 |      18 |       0 |   0.0
        D:5 |     685 |    1258 |  64.7 |      21 |       6 |  22.2
        D:6 |     538 |       0 |   0.0 |       7 |       0 |   0.0
        D:7 |    1069 |       0 |   0.0 |      18 |       0 |   0.0
        D:8 |    1121 |     671 |  37.4 |      19 |       5 |  20.8
        D:9 |    2120 |       0 |   0.0 |      20 |       0 |   0.0
       D:10 |    3509 |     508 |  12.6 |      24 |       2 |   7.7
       D:11 |    2634 |     838 |  24.1 |      14 |       7 |  33.3
     Lair:1 |    3014 |    1987 |  39.7 |      15 |       5 |  25.0
    Ossuary |       0 |     153 | 100.0 |       0 |      16 | 100.0
            +---------+---------+-------+---------+---------+-------

Illustrated notes

Table legend:
 A = Kills in this place as a percentage of kills in the entire game.
 B = Kills by you in this place as a percentage of kills by you in the entire game.
 C = Kills by friends in this place as a percentage of kills by friends in the entire game.
 D = Other kills in this place as a percentage of other kills in the entire game.
 E = Experience gained in this place as a percentage of experience gained in the entire game.
 F = Experience gained in this place divided by the number of levels of this place that you have seen.
                   A       B       C       D       E      F
               +-------+-------+-------+-------+-------+----------------------
         Total | 100.0 | 100.0 |   N/A |   N/A | 100.0 | 1634.2
       Dungeon |  87.4 |  87.4 |   N/A |   N/A |  75.7 | 1462.8
          Lair |   7.0 |   7.0 |   N/A |   N/A |  23.5 | 5001.0
       Ossuary |   5.6 |   5.6 |   N/A |   N/A |   0.7 | 153.0
               +-------+-------+-------+-------+-------+----------------------

Table legend: (Time is in decaauts)
 A = Elapsed time spent in this place.
 B = Non-inter-level travel time spent in this place.
 C = Inter-level travel time spent in this place.
 D = Time resting spent in this place.
 E = Time spent auto-exploring this place.
 F = Levels seen in this place.
 G = Mean time per level.
                   A        B        C        D        E       F      G
               +--------+--------+--------+--------+--------+-----+--------+
         Total |  12102 |  11458 |    644 |    462 |   9057 |  13 |  930.9 |
       Dungeon |  10956 |  10312 |    644 |    462 |   8116 |  11 |  996.0 |
          Lair |    895 |    895 |      0 |      0 |    771 |   1 |  895.0 |
       Ossuary |    250 |    250 |      0 |      0 |    170 |   1 |  250.0 |
               +--------+--------+--------+--------+--------+-----+--------+

Top non-repeatable levels by time:
     D:5: 1487 daAuts
     D:4: 1303 daAuts
     D:9: 1143 daAuts
     D:1: 1048 daAuts
    D:10: 1009 daAuts
     D:2: 953 daAuts
     D:6: 936 daAuts
     D:3: 904 daAuts
  Lair:1: 895 daAuts
     D:7: 798 daAuts
     D:8: 753 daAuts
    D:11: 616 daAuts
 Ossuary: 250 daAuts
